 Dungeon Crawl Stone Soup version 0.31-a0-664-g902f515a81 (webtiles) character file.

Game seed: 8621715140675490093

23676 demibob the Impaler (level 12, 0/94 (95) HPs)
             Began as a Demonspawn Chaos Knight on Sept 2, 2023.
             Was a Plaything of Xom.
             Slain by a flying skull (1 damage)
             ... on level 3 of the Abyss.
             The game lasted 00:24:59 (10522 turns).

demibob the Impaler (Demonspawn Chaos Knight)      Turns: 10522, Time: 00:25:00

HP:   0/94 (95)     AC: 22    Str: 18    XL:     12   Next: 73%
MP:   10/10         EV:  8    Int: 15    God:    Xom [..*...]
Gold: 327           SH:  9    Dex: 15    Spells: 11/11 levels left

rFire   + . .        a - +1 spear (heavy)
rCold   + . .        (no shield)
rNeg    . . .        f - +0 chain mail
rPois   +            (helmet restricted)
rElec   +            r - +0 cloak
rCorr   +            d - +2 pair of gloves
SInv    .            (no boots)
Will    .....        t - amulet of reflection Stlth
                     (no ring)
HPRegen 0.00/turn    (no ring)
MPRegen 0.24/turn

%: reflection, clarity
@: resistant, sick, hasted, lightly drained, very quick
A: slimy green scales 2, icemail 1, magic regeneration, condensation shield,
weakness stinger 2, antennae 1, hooves 1, agile 1, clarity, clever 1, low MP 1,
regeneration 1, strong 2, inability to drink after injury 1, [weak 2],
[inability to read after injury 2]
a: Renounce Religion


You were on level 3 of the Abyss.
You worshipped Xom.
You were a toy of Xom.
You visited 1 branch of the dungeon, and saw 10 of its levels.
You visited the Abyss 1 time.
You also visited: Sewer.

You collected 669 gold pieces.
You spent 342 gold pieces at shops.


Innate Abilities, Weirdness & Mutations

You are mostly covered in slimy green scales. (AC +3)
A meltable icy envelope protects you from harm. (AC +4)
You regenerate magic rapidly.
A meltable shield of frost defends you. (SH +4)
You have a tail ending in a sharp stinger.
You have a pair of small antennae on your head.
You have large cloven feet.
You are agile. (Dex +4, Str/Int -1)
You possess an exceptional clarity of mind.
Your mind is acute. (Int +4, Str/Dex -1)
Your magical capacity is low. (-10% MP)
Your natural rate of healing is unusually fast.
Your muscles are very strong. (Str +8, Int/Dex -2)
You occasionally lose the ability to drink potions when taking damage.
[You are very weak. (Str -4)]
[You sometimes lose the ability to read scrolls when taking damage.]


   Skills:
 + Level 9.3 Fighting
 + Level 15.8 Polearms
 - Level 8.6 Armour
 - Level 0.8 Dodging
 + Level 6.6 Evocations


You had 11 spell levels left.
You didn't know any spells.
Your spell library contained the following spells:

 Spells                   Type           Power      Damage    Failure   Level
 Freeze                   Ice            0%         1d3       88%         1
 Poisonous Vapours        Pois/Air       0%         N/A       96%         2
 Frozen Ramparts          Ice            0%         1d1       99%         3
 Hailstorm                Conj/Ice       0%         3d3       99%         3
 Mephitic Cloud           Conj/Pois/Air  0%         N/A       99%         3
 Stone Arrow              Conj/Erth      0%         3d7       99%         3
 Animate Armour           Summ/Erth      0%         N/A       100%        4
 Freezing Cloud           Conj/Ice/Air   0%         6-21      100%        5
 Lehudib's Crystal Spear  Conj/Erth      0%         10d2      100%        8

Inventory:

Hand Weapons
 a - a +1 heavy spear (weapon)
 b - a +0 glaive
Missiles
 s - 5 throwing nets {=f}
 x - 10 boomerangs
Armour
 d - a +2 pair of gloves (worn)
 f - a +0 chain mail (worn)
 r - a +0 cloak (worn)
 B - a +0 pair of boots
Magical Staves
 y - a staff of death {!a}
Jewellery
 e - the ring "Tiez" {Fly rC- rCorr Str+8}
   (You found it on level 3 of the Abyss)

   [ring of flight]

   Str+8:     It affects your strength (+8).
   rC-:       It makes you vulnerable to cold.
   Fly:       It grants you flight.
   rCorr:     It protects you from acid and corrosion.
 i - an amulet of the acrobat
 p - an amulet of regeneration
 t - an amulet of reflection (around neck)
 C - a ring of ice
 H - an amulet of magic regeneration
Wands
 c - a wand of iceblast (4)
 k - a wand of paralysis (2)
 v - a wand of flame (20)
 G - a wand of polymorph (6)
 I - a wand of quicksilver (12)
Scrolls
 q - 2 scrolls of torment
 F - a scroll of identify {@r1}
 J - a scroll of enchant weapon
Potions
 l - 4 potions of enlightenment
 m - a potion of brilliance
 n - 3 potions of lignification
 z - 2 potions of mutation
 A - a potion of cancellation

Dungeon Overview and Level Annotations

Branches:
Dungeon (10/15)            Temple (0/1) D:6            Lair (0/5) D:10
  Sewer (visited)
    Orc: D:9-12

Altars:
Makhleb
Xom

Shops:
D:6 *   D:10 =

Annotations:
D:10 3 runed translucent doors, Erolcha; bronco's ghost, journeyman OpSh
Abyss:3 1 transporter

. . . ▒▓▓
#▓▓.▓.. ..#
▒.▓.. .. #...z
.#..▒.. #.z.##§
. # ▒@z..##2# .
▒.##...#. ▓ . .
▒▒z.▓▓▓▓# ▓ .
▒{.▓▓.z. ▒.▒
#▒..░.▓....#
#...▒.▓.....#
#.##...▓▓...▒
#......░.▓.#.
....#.#.....#▒..


You could see 3 flying skulls.


Message History

2 flying skulls come into view.
Unknown command.
The flying skull gives a hideous shriek! x2
You start resting.
Your extra speed is starting to run out.
Unknown command.
You start resting.
You sense a monster nearby.
Unknown command.
You start resting.
A flying skull is nearby!
Okay, then.
Xom makes a sudden noise!
You hear a knock.
You hear a hideous shriek!
You hear a shout!
You hear a hideous shriek!
You hear a shout! x3
You feel yourself slow down.
A balrug comes into view.
It is wielding a +2 vampiric demon whip. 2 flying skulls come into view.
The flying skull gives a hideous shriek! x2
You hear a shout!
Okay, then.
You feel yourself speed up. The flying skull hits you.
* * * LOW HITPOINT WARNING * * *
The flying skull hits you but does no damage.
You closely miss the flying skull. You kick the flying skull.
The flying skull is lightly damaged.
You block the flying skull's attack. The flying skull hits you.
You die...
Xom thinks this is hilarious!

Skill      XL: |  1  2  3  4  5  6  7  8  9 10 11 |
---------------+----------------------------------+-----
Polearms       | 3 4 5 6 7 9 10 12 13 15 | 15.8
Armour         | 4 7 8 |  8.6
Fighting       | 6 9 |  9.3
Evocations     | 6 |  6.6
Dodging        | |  0.8

Action                     |  1- 3 |  4- 6 |  7- 9 | 10-12 || total
---------------------------+-------+-------+-------+-------++-------
  Melee: Spear             |   135 |   181 |   634 |   460 ||  1410
         Tailslap          |     5 |    23 |    60 |    56 ||   144
         Punch             |       |       |     2 |     3 ||     5
         Kick              |       |       |    47 |   118 ||   165
  Evoke: Wand              |       |       |     8 |    30 ||    38
    Use: Scroll            |     5 |     6 |    11 |    13 ||    35
         Potion            |       |     2 |     4 |    17 ||    23
   Stab: Sleeping          |     1 |       |     4 |       ||     5
         Paralysed         |       |     1 |     2 |       ||     3
         Petrified         |       |       |     2 |       ||     2
         Confused          |       |       |     1 |       ||     1
 Armour: Leather armour    |    64 |   101 |   294 |       ||   459
         Chain mail        |       |       |       |   261 ||   261
  Dodge: Dodged            |    61 |    79 |   233 |    79 ||   452
  Block: Other             |       |       |    66 |   114 ||   180
         Reflection        |       |       |     1 |     2 ||     3

Levels and vault maps discovered:
D:1:      amcnicky_arrival_flooded_fountain, layout_loops_ring,
          shapermc_ecumenical_altar_mp_highgroup, minmay_gold_behind_fungi
D:2:      layout_basic
D:3:      layout_loops_ring, mainiacjoe_overflow_alcove_2, grunt_ministairs_3,
          uniq_natasha
D:4:      layout_basic, nrook_loot_triangle
D:5:      minmay_goblin_kobold_castle, layout_loops_ring, kennysheep_mini,
          lexackson_kobold_supper, uniq_eustachio
D:6:      layout_loops_ring, lemuel_temple_firewalk_b, serial_shops, shop,
          portal_sewer_entry_a
D:7:      layout_basic, minmay_manual_monstrance
D:8:      layout_basic, minmay_misc_feat_secret_circle, minivault_27
D:9:      wander_river, layout_irregular_city, uniq_harold
D:10:     layout_cave_pools, due_lair_maze_entry_diamond,
          gammafunk_ghost_hydra_chop, serial_shops,
          nicolae_shop_window_shopping, uniq_josephine, uniq_erolcha,
          uniq_fannar
Abyss:3:  base: D:6, gammafunk_corrupted_shrine

Notes
Turn   | Place    | Note
-------+----------+-------------------------------------------
     0 | D:1      | demibob the Demonspawn Chaos Knight began the quest for the
                  | Orb.
     0 | D:1      | Reached XP level 1. HP: 18/18 MP: 1/1
   203 | D:1      | Reached skill level 3 in Polearms
   208 | D:1      | XOM: silly message
   243 | D:1      | XOM: fog
   292 | D:1      | Gained mutation: You are partially covered in slimy green
                  | scales. (AC +2) [demonic ancestry]
   292 | D:1      | Reached XP level 2. HP: 24/24 MP: 2/2
   410 | D:1      | XOM: 1-stop teleportation journey
   487 | D:1      | Found a faded altar of an unknown god.
   873 | D:2      | XOM: silly message
  1014 | D:2      | XOM: enchant monster (good)
  1016 | D:2      | Gained mutation: You have a small tail. [demonic ancestry]
  1016 | D:2      | Reached XP level 3. HP: 25/29 MP: 3/3
  1021 | D:2      | Reached skill level 4 in Polearms
  1289 | D:2      | XOM: noise
  1457 | D:2      | XOM: noise
  1753 | D:3      | Reached XP level 4. HP: 34/35 MP: 4/4
  1838 | D:3      | Noticed a water moccasin
  1845 | D:3      | XOM: potion effect (haste)
  1850 | D:3      | Killed a water moccasin
  1851 | D:3      | Reached skill level 5 in Polearms
  1851 | D:3      | Reached XP level 5. HP: 41/41 MP: 5/5
  1863 | D:3      | XOM: divination: detect items
  1969 | D:3      | Noticed Natasha
  1978 | D:3      | Killed Natasha
  2043 | D:3      | Noticed Natasha
  2048 | D:3      | Killed Natasha
  2049 | D:3      | Reached skill level 6 in Polearms
  2345 | D:3      | Found a burning altar of Makhleb.
  2514 | D:4      | Noticed a phantom
  2529 | D:4      | XOM: cleaving
  2543 | D:4      | Killed a phantom
  2544 | D:4      | Reached XP level 6. HP: 41/47 MP: 6/6
  2622 | D:4      | XOM: divination: detect creatures
  2798 | D:4      | Reached skill level 7 in Polearms
  2890 | D:4      | XOM: give mutations
  2890 | D:4      | Gained mutation: You have a pair of small antennae on your
                  | head. [Xom's mischief]
  2890 | D:4      | Gained mutation: You possess an exceptional clarity of
                  | mind. [Xom's mischief]
  3034 | D:5      | Entered Level 5 of the Dungeon
  3041 | D:5      | Noticed Eustachio
  3065 | D:5      | XOM: summons 3 hostile demons
  3076 | D:5      | XOM: chaos upgrade
  3105 | D:5      | XOM: swap monsters
  3113 | D:5      | Killed Eustachio
  3114 | D:5      | Gained mutation: You are mostly covered in slimy green
                  | scales. (AC +3) [demonic ancestry]
  3114 | D:5      | Reached XP level 7. HP: 28/52 MP: 7/7
  3247 | D:5      | XOM: 3-stop teleportation journey
  3260 | D:5      | Reached skill level 8 in Polearms
  3621 | D:5      | XOM: divination: magic mapping
  3650 | D:5      | XOM: smoke on damage
  3653 | D:5      | Reached skill level 9 in Polearms
  3653 | D:5      | Reached XP level 8. HP: 48/58 MP: 8/8
  3867 | D:5      | XOM: scenery: create altars
  4190 | D:5      | XOM: 3-stop teleportation journey
  4236 | D:5      | XOM: smoke on damage
  4327 | D:5      | Reached skill level 2 in Armour
  4525 | D:5      | XOM: cleaving
  4761 | D:5      | XOM: god gift: 2 boomerangs
  4848 | D:6      | Reached skill level 3 in Armour
  4866 | D:6      | Found Filoc's Assorted Antiques.
  4870 | D:6      | Found a glowing drain.
  4895 | Sewer    | XOM: stealth player
  4895 | Sewer    | Entered a sewer
  4911 | Sewer    | XOM: fog
  5068 | Sewer    | XOM: give mutations
  5068 | Sewer    | Gained mutation: You are agile. (Dex +4, Str/Int -1) [Xom's
                  | grace]
  5068 | Sewer    | Gained mutation: Your muscles are strong. (Str +4, Int/Dex
                  | -1) [Xom's grace]
  5068 | Sewer    | Gained mutation: Your mind is acute. (Int +4, Str/Dex -1)
                  | [Xom's grace]
  5068 | Sewer    | Gained mutation: You have large cloven feet. [Xom's grace]
  5223 | D:6      | Bought a scroll of identify for 38 gold pieces
  5223 | D:6      | Bought a scroll labelled ARUUMA RUEGARGH for 19 gold pieces
  5223 | D:6      | Bought a thin smoking staff for 228 gold pieces
  5223 | D:6      | Bought a scroll labelled GAPAENUOHA for 19 gold pieces
  5223 | D:6      | Bought 2 scrolls labelled GAPAENUOHA for 38 gold pieces
  5366 | D:6      | XOM: cloud trail
  5375 | D:6      | Reached skill level 10 in Polearms
  5380 | D:6      | Reached skill level 4 in Armour
  5396 | D:6      | XOM: 2-stop teleportation journey
  5595 | D:6      | Found a staircase to the Ecumenical Temple.
  5655 | D:6      | XOM: give mutation
  5655 | D:6      | Gained mutation: Your spells are a little harder to cast,
                  | but a little more powerful. [Xom's mischief]
  5940 | D:7      | Noticed a hornet
  5958 | D:7      | XOM: cleaving
  5960 | D:7      | Gained mutation: A meltable shield of frost defends you.
                  | (SH +4) [demonic ancestry]
  5960 | D:7      | Reached XP level 9. HP: 63/63 MP: 9/9
  6043 | D:7      | a yak changed into a meliai
  6043 | D:7      | Noticed a meliai
  6043 | D:7      | XOM: polymorph yak -> meliai
  6054 | D:7      | Killed a meliai
  6059 | D:7      | XOM: scenery: summon butterflies
  6062 | D:7      | Reached skill level 5 in Armour
  6187 | D:7      | XOM: 2-stop teleportation journey
  6285 | D:7      | XOM: summons friendly quasit
  6303 | D:7      | XOM: silly message
  6314 | D:7      | Reached skill level 11 in Polearms
  6320 | D:7      | Reached skill level 6 in Armour
  6751 | D:7      | XOM: summons 5 hostile demons
  6884 | D:7      | XOM: 2-stop teleportation journey
  6885 | D:7      | XOM: 2-stop teleportation journey
  6963 | D:7      | XOM: stat loss: -1 Str (17/18)
  7334 | D:7      | a hornet changed into a meliai
  7334 | D:7      | Noticed a meliai
  7334 | D:7      | XOM: polymorph hornet -> meliai
  7347 | D:7      | Killed a meliai
  7348 | D:7      | Reached skill level 12 in Polearms
  7348 | D:7      | Reached skill level 7 in Armour
  7514 | D:7      | Gained mutation: You have a tail ending in a sharp stinger.
                  | [demonic ancestry]
  7514 | D:7      | Reached XP level 10. HP: 70/70 MP: 10/10
  7713 | D:8      | XOM: 7-stop teleportation journey
  7777 | D:8      | XOM: scenery: create altars
  7818 | D:8      | Identified the +0 leather armour of Wiwiwn {rF+ Int+4}
  7829 | D:8      | XOM: god gift: 3 stones
  7896 | D:8      | XOM: give mutations
  7896 | D:8      | Gained mutation: Your muscles are very strong. (Str +8,
                  | Int/Dex -2) [Xom's grace]
  7896 | D:8      | Gained mutation: Your natural rate of healing is unusually
                  | fast. [Xom's grace]
  7940 | D:8      | Noticed a two-headed ogre
  7948 | D:8      | Killed a two-headed ogre
  7949 | D:8      | Reached skill level 4 in Fighting
  8019 | D:8      | XOM: smoke on damage
  8200 | D:8      | XOM: god gift: 2 boomerangs
  8443 | D:9      | Noticed a cyan ugly thing
  8451 | D:9      | XOM: enchant monster (good)
  8461 | D:9      | Reached skill level 13 in Polearms
  8463 | D:9      | XOM: scenery: create altars
  8550 | D:9      | Identified the +0 scale mail of Tomorrow {Str-3 Dex+5}
  8584 | D:9      | XOM: confuse monster(s)
  8592 | D:9      | Reached skill level 5 in Fighting
  8592 | D:9      | Reached skill level 8 in Armour
  8684 | D:9      | Paralysed by a wight for 3 turns
  8701 | D:9      | Paralysed by a wight for 3 turns
  8702 | D:9      | XOM: summons friendly ufetubus
  8843 | D:9      | XOM: cleaving
  8944 | D:9      | Noticed Harold
  8961 | D:9      | Killed Harold
  9144 | D:9      | XOM: cleaving
  9148 | D:9      | Reached skill level 6 in Fighting
  9178 | D:9      | Noticed a green ugly thing
  9179 | D:9      | XOM: destruction
  9184 | D:9      | XOM: enchant monster (good)
  9203 | D:9      | XOM: summons friendly shadow imp
  9208 | D:9      | Killed a green ugly thing
  9209 | D:9      | Gained mutation: A meltable icy envelope protects you from
                  | harm. (AC +4) [demonic ancestry]
  9209 | D:9      | Reached XP level 11. HP: 81/81 MP: 11/11
  9243 | D:9      | XOM: polymorph shadow imp -> iron imp
  9258 | D:9      | XOM: polymorph iron imp -> crimson imp
  9396 | D:10     | Entered Level 10 of the Dungeon
  9424 | D:10     | XOM: blink monster(s)
  9424 | D:10     | Noticed Fannar
  9436 | D:10     | Reached skill level 1 in Evocations
  9444 | D:10     | Killed Fannar
  9445 | D:10     | Reached skill level 14 in Polearms
  9484 | D:10     | Noticed Erolcha
  9485 | D:10     | Reached skill level 2 in Evocations
  9597 | D:9      | Lost mutation: Your spells are a little harder to cast, but
                  | a little more powerful. [potion of mutation]
  9597 | D:9      | Lost mutation: Your mind is acute. (Int +4, Str/Dex -1)
                  | [potion of mutation]
  9597 | D:9      | Gained mutation: You occasionally lose the ability to drink
                  | potions when taking damage. [potion of mutation]
  9597 | D:9      | Gained mutation: Your mind is acute. (Int +4, Str/Dex -1)
                  | [potion of mutation]
  9689 | D:10     | Found Iziy's Jewellery Shop.
  9765 | D:10     | Found a runed translucent gate.
  9765 | D:10     | Noticed an 11-headed hydra
  9766 | D:10     | Found a runed translucent gate.
  9767 | D:10     | Found a runed translucent gate.
  9767 | D:10     | Noticed bronco's ghost (journeyman OpSh)
  9822 | D:10     | Reached skill level 7 in Fighting
  9829 | D:10     | XOM: summons 4 friendly demons
  9835 | D:10     | Reached skill level 3 in Evocations
  9875 | D:10     | Found a staircase to the Lair.
 10014 | D:10     | XOM: fog
 10023 | D:10     | XOM: repel stairs
 10049 | D:10     | Noticed Josephine
 10052 | D:10     | XOM: summons 2 hostile demons
 10058 | D:10     | XOM: potion effect (berserk rage)
 10059 | D:10     | Killed Josephine
 10171 | D:10     | You are cast into the Abyss!
 10171 | Abyss:2  | Cast into level 2 of the Abyss (Erolcha)
 10233 | Abyss:2  | Reached skill level 4 in Evocations
 10234 | Abyss:2  | Noticed a large abomination
 10241 | Abyss:2  | XOM: noise
 10243 | Abyss:2  | Killed a large abomination
 10263 | Abyss:2  | XOM: give mutations
 10263 | Abyss:2  | Gained mutation: You are strong-willed. (Will+) [Xom's
                  | mischief]
 10263 | Abyss:2  | Lost mutation: You are strong-willed. (Will+) [Xom's
                  | mischief]
 10263 | Abyss:2  | Gained mutation: Your magical capacity is low. (-10% MP)
                  | [Xom's mischief]
 10267 | Abyss:2  | XOM: torment (35/85 hp)
 10273 | Abyss:2  | XOM: scenery: summon butterflies
 10296 | Abyss:2  | XOM: summons friendly quasit
 10297 | Abyss:2  | XOM: god gift: potion of curing
 10303 | Abyss:2  | Reached skill level 15 in Polearms
 10304 | Abyss:2  | XOM: enchant monster (good)
 10352 | Abyss:2  | XOM: noise
 10395 | Abyss:2  | Reached skill level 8 in Fighting
 10401 | Abyss:2  | Noticed a tentacled starspawn
 10413 | Abyss:2  | Found a corrupted altar of Lugonu.
 10413 | Abyss:2  | XOM: divination: detect creatures
 10426 | Abyss:2  | Found a corrupted altar of Lugonu.
 10436 | Abyss:3  | Found a transporter.
 10437 | Abyss:3  | Noticed a wretched star
 10438 | Abyss:3  | Found a corrupted altar of Lugonu.
 10438 | Abyss:3  | Found a transporter.
 10438 | Abyss:3  | Noticed a tentacled starspawn
 10438 | Abyss:3  | Noticed a wretched star
 10438 | Abyss:3  | a faun changed into a glowing shapeshifter
 10438 | Abyss:3  | Noticed a glowing shapeshifter (glowing shapeshifter)
 10439 | Abyss:3  | a glowing shapeshifter changed into a sea snake
 10439 | Abyss:3  | Noticed a sea snake (glowing shapeshifter)
 10439 | Abyss:3  | Noticed a tentacled starspawn
 10440 | Abyss:3  | Noticed a thrashing horror
 10441 | Abyss:3  | Noticed a mana viper
 10442 | Abyss:3  | Noticed a profane servitor
 10442 | Abyss:3  | a sea snake changed into a slime creature
 10444 | Abyss:3  | a slime creature changed into a broodmother
 10444 | Abyss:3  | Noticed a broodmother (glowing shapeshifter)
 10445 | Abyss:3  | a broodmother changed into a satyr
 10445 | Abyss:3  | Noticed a satyr (glowing shapeshifter)
 10447 | Abyss:3  | Identified a potion of experience
 10447 | Abyss:3  | Reached skill level 9 in Fighting
 10447 | Abyss:3  | Reached skill level 6 in Evocations
 10447 | Abyss:3  | Gained mutation: You regenerate magic rapidly. [demonic
                  | ancestry]
 10447 | Abyss:3  | Reached XP level 12. HP: 67/95 MP: 10/10
 10448 | Abyss:3  | Identified a potion of resistance
 10453 | Abyss:3  | a satyr changed into a boulder beetle
 10453 | Abyss:3  | Noticed a boulder beetle (glowing shapeshifter)
 10460 | Abyss:3  | Identified the ring "Tiez" {Fly rC- rCorr Str+8}
 10460 | Abyss:3  | a boulder beetle changed into an anaconda
 10460 | Abyss:3  | Noticed an anaconda (glowing shapeshifter)
 10461 | Abyss:3  | an anaconda changed into a skyshark
 10477 | Abyss:3  | XOM: divination: magic mapping
 10481 | Abyss:3  | HP: 7/94 [profane servitor/+2 whip (12)]
 10515 | Abyss:3  | XOM: noise
 10518 | Abyss:3  | Noticed a balrug
 10520 | Abyss:3  | HP: 1/94 [flying skull (6)]
 10522 | Abyss:3  | Slain by a flying skull

Vanquished Creatures
  Josephine (D:10)
  Harold (D:9)
  A two-headed ogre (D:8)
  A large abomination (Abyss:2)
  An ugly thing (D:9)
  2 smoke demons (Abyss:2)
  A kobold demonologist (D:10)
  An unseen horror (D:10)
  A komodo dragon (D:10)
  An ice devil (Abyss:2)
  A hornet (D:9)
  2 meliai (D:7)
  A vampire (D:10)
  2 wyverns
  3 yaks
  6 wraiths
  Eustachio (D:5)
  A steam dragon (D:8)
  An acid dragon (D:9)
  A small abomination (Abyss:2)
  7 water moccasins
  4 orc warriors
  A sky beast (shapeshifter) (Abyss:2)
  A sky beast (D:8)
  3 black bears
  An ice beast (D:7)
  A centaur (D:6)
  2 phantoms
  7 kobold brigands
  5 bullfrogs
  A gnoll sergeant (D:9)
  4 scorpions
  7 wights
  4 killer bees (D:8)
  2 jellies
  A hound (D:5)
  6 orc priests
  3 gnoll boudas
  A sleepcap (D:6)
  Natasha (twice) (D:3)
  2 iguanas
  11 orc wizards
  32 gnolls
  5 adders
  3 river rats
  2 shadow imps
  A white imp (D:6)
  3 ufetubi
  4 worms
  4 dart slugs
  30 orcs
  8 endoplasms
  5 giant cockroaches
  5 goblins
  9 hobgoblins
  9 jackals
  57 kobolds
  7 quokkas
  8 ball pythons
  5 bats
  4 frilled lizards
  6 rats
313 creatures vanquished.

Vanquished Creatures (collateral kills)
  Fannar (D:10)
  An unseen horror (D:10)
  A scorpion (D:5)
  An orc wizard (D:9)
  A gnoll (D:5)
  A kobold (D:5)
6 creatures vanquished.

Vanquished Creatures (others)
  An ugly thing (D:9)
  A jackal zombie (D:3)
  2 kobolds
  6 starspawn tentacles
10 creatures vanquished.

Grand Total: 329 creatures vanquished

Table legend: (Time is in decaauts)
 A = Elapsed time spent in this place.
 B = Non-inter-level travel time spent in this place.
 C = Inter-level travel time spent in this place.
 D = Time resting spent in this place.
 E = Time spent auto-exploring this place.
 F = Levels seen in this place.
 G = Mean time per level.
                   A        B        C        D        E       F      G
               +--------+--------+--------+--------+--------+-----+--------+
         Total |  10241 |   9894 |    347 |    527 |   7163 |  13 |  787.8 |
       Dungeon |   9561 |   9214 |    347 |    470 |   6861 |  10 |  956.1 |
         Abyss |    317 |    317 |      0 |     56 |     60 |   2 |  158.5 |
         Sewer |    362 |    362 |      0 |      0 |    241 |   1 |  362.0 |
               +--------+--------+--------+--------+--------+-----+--------+

Top non-repeatable levels by time:
     D:5: 1654 daAuts
     D:7: 1581 daAuts
     D:9: 1005 daAuts
     D:6: 884 daAuts
     D:3: 853 daAuts
     D:1: 815 daAuts
     D:8: 754 daAuts
     D:2: 733 daAuts
    D:10: 689 daAuts
     D:4: 589 daAuts
   Sewer: 362 daAuts
 Abyss:2: 255 daAuts
 Abyss:3: 62 daAuts

Table legend:
 A = Non-vault XP
 B = Vault XP
 C = Vault XP percentage of total XP
 D = Non-vault monster count
 E = Vault monster count
 F = Vault count percentage of total count
                 A         B        C        D         E       F
            +---------+---------+-------+---------+---------+-------
      Total |   12707 |    6313 |  33.2 |     208 |     111 |  34.8
            +---------+---------+-------+---------+---------+-------
        D:1 |      24 |       0 |   0.0 |      16 |       0 |   0.0
        D:2 |      39 |       0 |   0.0 |      13 |       0 |   0.0
        D:3 |     256 |      43 |  14.4 |      19 |       4 |  17.4
        D:4 |     274 |       0 |   0.0 |      15 |       0 |   0.0
        D:5 |     537 |     740 |  57.9 |      16 |      62 |  79.5
        D:6 |     757 |      22 |   2.8 |      15 |       7 |  31.8
        D:7 |    2245 |     520 |  18.8 |      31 |       4 |  11.4
        D:8 |    2044 |       0 |   0.0 |      30 |       0 |   0.0
        D:9 |    2781 |     871 |  23.8 |      35 |       1 |   2.8
       D:10 |    1528 |    4043 |  72.6 |      12 |      15 |  55.6
    Abyss:2 |    2222 |       0 |   0.0 |       6 |       0 |   0.0
      Sewer |       0 |      74 | 100.0 |       0 |      18 | 100.0
            +---------+---------+-------+---------+---------+-------
